Match 47262187
Unlisted

Match 47262187
End
Kettenkrad Recon Vehicle
Selects Luftwaffe Battlegroup
Selects Luftwaffe Pioneer Support
Fallschirmpioneer Squad Paradrop
Construct Infanterie Kompanie
Fallschirmpioneer Squad Paradrop
GrW 34 Mortar Team
Infanterie Officer Quarters
Selects LG40 Recoilless Gun Paradrop
LG40 Recoilless Gun Paradrop
Selects Stuka Strafing Run
Construct Panzergrenadier Kompanie
MG 42 Machine Gun Team
Panzergrenadier Squad
LG40 Recoilless Gun Paradrop
Stuka Strafing Run
Forward Retreat Point
Construct Panzer Kompanie
Panzer IV Medium Tank
Stuka Strafing Run
Stuka Strafing Run
Panzer IV Medium Tank
Panzer Officer Quarters
Stoßtruppen Squad
Selects Fallschirmjäger Squad Paradrop
Selects Fragmentation Bombs
Selects Flak 36 Anti-tank Gun Emplacement
Repair Bunker
Fragmentation Bombs
Thoton
Crow
Flankenheinz
srubert83
Henk
water
Boat Goes Binted
It's Takotime
0
0

Comments sign in to comment!

No comments posted yet!